 Dungeon Crawl Stone Soup version 0.27.1-34-g3ba077fa99 (webtiles) character file.

Game seed: 11866893672651634107

91 hawla the Conjurer (level 4, -2/35 HPs)
             Began as a Draconian Conjurer on Jan 16, 2022.
             Killed from afar by Ijyb (5 damage)
             ... with a puff of flame
             ... on level 3 of the Dungeon.
             The game lasted 00:06:24 (2616 turns).

hawla the Conjurer (Draconian Conjurer)             Turns: 2616, Time: 00:06:24

Health: -2/35      AC:  5    Str: 10    XL:     4   Next: 34%
Magic:  1/8        EV: 16    Int: 19    God:
Gold:   96         SH:  0    Dex:  9    Spells: 6/9 levels left

rFire    . . .     SeeInvis .   f - +1 whip (vamp)
rCold    . . .     Faith    .   (no shield)
rNeg     . . .     Spirit   .   (armour unavailable)
rPois    .         Reflect  .   (helmet restricted)
rElec    .         Harm     .   (no cloak)
rCorr    .         Rampage  .   (no gloves)
Will     .....                  (no boots)
Stlth    ++........             (no amulet)
HPRegen  0.11/turn              g - +4 ring of evasion
MPRegen  0.11/turn              (no ring)

@: no status effects
A: AC +5, unfitting armour, cold-blooded
a: no special abilities


You were on level 3 of the Dungeon.
You visited 1 branch of the dungeon, and saw 3 of its levels.

You collected 96 gold pieces.

Inventory:

Hand Weapons
 d - a +0 dagger
 f - a +1 vampiric whip (weapon)
Jewellery
 g - a +4 ring of evasion (left hand)
Scrolls
 a - a scroll of identify
 b - 3 scrolls of teleportation


   Skills:
 - Level 1.0 Fighting
 - Level 2.0 Dodging
 - Level 2.0 Stealth
 + Level 3.1 Spellcasting
 + Level 4.8 Conjurations


You had 6 spell levels left.
You knew the following spells:

 Your Spells              Type           Power      Damage    Failure   Level
a - Magic Dart            Conj           84%        1d7       1%          1
b - Searing Ray           Conj           42%        3d4       3%          2

Your spell library contained the following spells:

 Spells                   Type           Power      Damage    Failure   Level
 Dazzling Flash           Conj/Hex       24%        N/A       17%         3
 Fulminant Prism          Conj/Hex       6%         3d7       50%         4
 Iskenderun's Mystic Bla  Conj/Tloc      12%        2d5       50%         4


Dungeon Overview and Level Annotations

Branches:
Dungeon (3/15)

Altars:

Annotations:
D:3 Ijyb


Innate Abilities, Weirdness & Mutations

Your plain brown scales are hard. (AC +5)
You cannot fit into any form of body armour.
You are cold-blooded and may be slowed by cold attacks.


Message History

Confirm with . or Enter, or press ? or * to list all spells.
Aiming: Searing Ray (safe; 3% risk of failure)
Press: ? - help, Shift-Dir - straight line, f - Ijyb
Aim: Ijyb, wielding a +1 dagger of protection, wearing a +0 leather armour and carrying a wand of flame (17) (lightly wounded, 72% to hit)
The searing ray hits Ijyb but does no damage.
Ijyb is lightly wounded. (Press . to maintain the ray.) Ijyb completely misses you.
You hit Ijyb but do no damage.
Ijyb is lightly wounded.
Ijyb zaps a wand.
The puff of flame hits you!
You hit Ijyb but do no damage.
Your tail-slap misses Ijyb.
Ijyb is lightly wounded.
Ijyb hits you with a +1 dagger of protection.
* * * LOW HITPOINT WARNING * * *
Casting: Searing Ray (safe; 3% risk of failure)
Confirm with . or Enter, or press ? or * to list all spells.
Aiming: Searing Ray (safe; 3% risk of failure)
Press: ? - help, Shift-Dir - straight line, f/p - Ijyb
Aim: Ijyb, wielding a +1 dagger of protection, wearing a +0 leather armour and carrying a wand of flame (16) (lightly wounded, 72% to hit)
The searing ray hits Ijyb but does no damage.
Ijyb is lightly wounded. (Press . to maintain the ray.) Ijyb barely misses you.
The searing ray hits Ijyb but does no damage.
Ijyb is lightly wounded.
Ijyb completely misses you.
The searing ray hits Ijyb.
Ijyb is lightly wounded.
Ijyb hits you with a +1 dagger of protection.
* * * LOW HITPOINT WARNING * * *
The searing ray hits Ijyb.
Ijyb is moderately wounded.
You finish channeling your searing ray.
Ijyb zaps a wand.
The puff of flame hits you.
* * * LOW HITPOINT WARNING * * *
You hit Ijyb but do no damage.
Ijyb is moderately wounded.
Ijyb zaps a wand.
The puff of flame hits you.
You die...

#.# #####.#....
####.#
#.......###
#....# #......##
# #.#..#
#..##..#
#.##.###......#
#)##..........#
##.#######.....#
#..# ###.###
##@# #. #g.# ..
....# ######


You could see Ijyb.

Vanquished Creatures
  Robin (D:2)
  An adder (D:2)
  2 worms (D:2)
  3 dart slugs
  4 bats
  4 endoplasms
  A giant cockroach (D:1)
  10 goblins
  10 hobgoblins
  7 kobolds
  4 ball pythons
  2 frilled lizards
  5 rats
54 creatures vanquished.

Notes
Turn   | Place    | Note
-------+----------+-------------------------------------------
     0 | D:1      | hawla the Draconian Conjurer began the quest for the Orb.
     0 | D:1      | Reached XP level 1. HP: 14/14 MP: 3/3
   433 | D:1      | Reached XP level 2. HP: 19/22 MP: 1/5
   726 | D:1      | Reached skill level 1 in Fighting
  1023 | D:1      | Reached XP level 3. HP: 28/28 MP: 3/6
  1715 | D:2      | Found a faded altar of an unknown god.
  1815 | D:2      | Noticed Robin
  1832 | D:1      | Learned a level 2 spell: Searing Ray
  1869 | D:2      | Killed Robin
  1966 | D:2      | Reached XP level 4. HP: 31/35 MP: 8/8
  2605 | D:3      | Noticed Ijyb
  2616 | D:3      | Killed from afar by Ijyb

Illustrated notes

Levels and vault maps discovered:
D:1:      minmay_arrival_arboretum_small, layout_loops_ring
D:2:      layout_loops_cross, shapermc_ecumenical_altar_mp_highgroup, uniq_robin
D:3:      minmay_wonky_spiral, layout_loops_corners, uniq_sigmund, uniq_ijyb

Skill      XL: |  1  2  3 |
---------------+----------+-----
Stealth        | 2 |  2.0
Dodging        | 2 |  2.0
Fighting       | 1 |  1.0
Spellcasting   | 3 |  3.1
Conjurations   | |  4.8

Action                   |  1- 3 |  4- 6 || total
-------------------------+-------+-------++-------
Melee: Unarmed           |    10 |       ||    10
       Tailslap          |     4 |     1 ||     5
       Dagger            |    20 |       ||    20
       Whip              |    16 |    49 ||    65
 Cast: Magic Dart        |    57 |       ||    57
       Searing Ray       |     1 |     4 ||     5
  Use: Scroll            |       |     3 ||     3
 Stab: Sleeping          |     1 |       ||     1
Armor: Skin              |    26 |    17 ||    43
Dodge: Dodged            |    45 |    40 ||    85
